 Dungeon Crawl Stone Soup version 0.32-a0-999-gfa1cc04b1d (webtiles) character file.

Game seed: 4028819740194976094

22 javelincjr the Magician (level 2, 0/19 HPs)
             Began as a Demonspawn Hedge Wizard on Apr 24, 2024.
             Slain by a frilled lizard (2 damage)
             ... on level 1 of the Dungeon.
             The game lasted 00:02:39 (479 turns).

javelincjr the Magician (Demonspawn Hedge Wizard)    Turns: 479, Time: 00:02:39

Health: 0/19       AC:  2    Str: 10    XL:     2   Next: 68%
Magic:  1/6        EV: 11    Int: 14    God:
Gold:   20         SH:  0    Dex: 12    Spells: 2/7 levels left

rFire   . . .        a - +0 dagger
rCold   . . .        (no shield)
rNeg    . . .        b - +0 robe
rPois   .            c - +0 hat
rElec   .            (no cloak)
rCorr   .            (no gloves)
SInv    .            (no boots)
Will    .....        (no amulet)
Stlth   ++           (no ring)
HPRegen 0.23/turn    (no ring)
MPRegen 0.10/turn

%: no passive effects
@: no status effects
A: antennae 1
a: no special abilities


You were on level 1 of the Dungeon.
You visited 1 branch of the dungeon, and saw 1 of its levels.

You collected 20 gold pieces.

Inventory:

Hand Weapons
 a - a +0 dagger (weapon)
 j - a +0 sling
Missiles
 f - 6 boomerangs
 i - 12 poisoned darts
Armour
 b - a +0 robe (worn)
 c - a +0 hat (worn)
Scrolls
 g - 2 scrolls of revelation {unknown}
 h - a scroll of blinking {unknown}
Potions
 d - a potion of magic
 e - a potion of attraction {unknown}


   Skills:
 + Level 2.1 Dodging
 - Level 1.7 Stealth
 * Level 3.2 Spellcasting
 + Level 1.3 Conjurations
 + Level 1.3 Summonings
 + Level 1.2 Translocations


You had 2 spell levels left.
You knew the following spells:

 Your Spells              Type           Power      Damage    Failure   Level
a - Magic Dart            Conj           20%        1d4       12%         1
b - Call Imp              Summ           12%        N/A       19%         2
c - Blink                 Tloc           10%        N/A       19%         2

Your spell library contained the following spells:

 Spells                   Type           Power      Damage    Failure   Level
 Freeze                   Ice            8%         1d3       22%         1
 Slow                     Hex            8%         N/A       22%         1
 Cigotuvi's Dreadful Rot  Necr/Alch/Air  4%         N/A       32%         2
 Hailstorm                Conj/Ice       4%         3d5       43%         3
 Mephitic Cloud           Conj/Alch/Air  3%         N/A       45%         3
 Frozen Ramparts          Ice            4%         1d1       54%         3


Dungeon Overview and Level Annotations

Branches:
Dungeon (1/15)

Altars:

Shops:
D:1 =


Innate Abilities, Weirdness & Mutations

You have a pair of small antennae on your head.


Message History

The magic dart hits the giant cockroach.
The giant cockroach is almost dead.
The ball python bites you but does no damage.
The ball python grabs you. The ball python constricts you.
The giant cockroach bites you but does no damage.
A frilled lizard comes into view.
The magic dart hits the ball python.
The ball python is severely wounded.
The ball python bites you. The ball python constricts you.
The giant cockroach bites you. The ball python bites you.
The ball python constricts you.
You are too injured to fight recklessly!
The ball python's grasp on you weakens, but your attempt to escape fails.
The giant cockroach bites you but does no damage.
The ball python bites you. The ball python constricts you.
You hit the ball python.
You kill the ball python!
The giant cockroach misses you.
You closely miss the giant cockroach.
The giant cockroach is almost dead.
The giant cockroach bites you. The giant cockroach barely misses you.
You closely miss the giant cockroach.
The giant cockroach is almost dead.
The giant cockroach bites you.
* * * LOW HITPOINT WARNING * * *
Your magical contamination has completely faded away.
You hit the giant cockroach but do no damage.
The giant cockroach is almost dead.
The giant cockroach bites you.
* * * LOW HITPOINT WARNING * * *
You hit the giant cockroach but do no damage.
The giant cockroach is almost dead.
The giant cockroach closely misses you. The frilled lizard bites you.
* * * LOW HITPOINT WARNING * * *
You completely miss the giant cockroach.
The giant cockroach is almost dead.
The giant cockroach bites you.
* * * LOW HITPOINT WARNING * * *
The frilled lizard bites you.
You die...

##........##.#####.#.#
#..........#.......#.#
#...#####.##########.####
##.......................#
...........####.##########
##...#####.# #.# #.....#
#.# #.## #.....# #..#
#....... #.#@#,
#..#..#.......l†B..#
..........#.#.#.#.##
.#..#.... ...>......#
.#..## ..#.#.#.# ## ......
.......... ....# ...#
#.#.# ....# .. ... ....#


You could see a giant cockroach and a frilled lizard.

Vanquished Creatures
  A gnoll (D:1)
  A dart slug (D:1)
  4 ball pythons (D:1)
  A bat (D:1)
  An endoplasm (D:1)
  2 goblins (D:1)
  A frilled lizard (D:1)
11 creatures vanquished.

Notes
Turn   | Place    | Note
-------+----------+-------------------------------------------
     0 | D:1      | javelincjr the Demonspawn Hedge Wizard began the quest for
                  | the Orb.
     0 | D:1      | Reached XP level 1. HP: 13/13 MP: 4/4
   143 | D:1      | Reached skill level 1 in Translocations
   143 | D:1      | Discovered your monstrous ancestry.
   143 | D:1      | Gained mutation: You have a pair of small antennae on your
                  | head. [demonic ancestry]
   143 | D:1      | Reached XP level 2. HP: 19/19 MP: 0/6
   146 | D:1      | Learned a level 2 spell: Call Imp
   149 | D:1      | Learned a level 2 spell: Blink
   307 | D:1      | Found Kampasu's Jewellery Shoppe.
   479 | D:1      | Slain by a frilled lizard

Illustrated notes

Levels and vault maps discovered:
D:1:      dpeg_arrival_stonehenge_8_columns, layout_basic, serial_shops,
          nicolae_lakefront_shop, st_stairs_9, minmay_pentomino_p4

Skill      XL: |  1  2 |
---------------+-------+-----
Translocations | 1 |  1.2
Dodging        | 2 |  2.1
Stealth        | |  1.7
Spellcasting   | |  3.2
Conjurations   | |  1.3
Summonings     | |  1.3

Action                     || total
---------------------------++-------
  Melee: Dagger            ||    11
   Cast: Magic Dart        ||    24
 Armour: Robe              ||    19
  Dodge: Dodged            ||     9

Table legend: (Time is in decaauts)
 A = Elapsed time spent in this place.
 B = Non-inter-level travel time spent in this place.
 C = Inter-level travel time spent in this place.
 D = Time resting spent in this place.
 E = Time spent auto-exploring this place.
 F = Levels seen in this place.
 G = Mean time per level.
                   A        B        C        D        E       F      G
               +--------+--------+--------+--------+--------+-----+--------+
         Total |    479 |    479 |      0 |      0 |    362 |   1 |  479.0 |
       Dungeon |    479 |    479 |      0 |      0 |    362 |   1 |  479.0 |
               +--------+--------+--------+--------+--------+-----+--------+

Top non-repeatable levels by time:
     D:1: 479 daAuts
